 Dungeon Crawl Stone Soup version 0.20.0 (webtiles) character file.

60 Danakh the Charmwright (level 4, 0/34 HPs)
             Began as a Barachi Skald on May 30, 2017.
             Slain by a goblin
             ... wielding a +0 club
             ... led by Robin
              (6 damage)
             ... on level 2 of the Dungeon.
             The game lasted 00:05:52 (1499 turns).

Danakh the Charmwright (Barachi Skald)              Turns: 1499, Time: 00:05:53

Health: 0/34       AC:  5    Str: 13    XL:     4   Next: 4%
Magic:  1/7        EV: 12    Int: 14    God:
Gold:   39         SH:  0    Dex: 11    Spells: 3/8 levels left

rFire    . . .     SeeInvis .   a - +0 falchion
rCold    . . .     Gourm    .   (no shield)
rNeg     . . .     Faith    .   b - +0 leather armour
rPois    .         Spirit   .   j - +0 helmet
rElec    .         Reflect  .   (no cloak)
rCorr    .         Harm     .   e - +0 pair of gloves
MR       +....                  (no boots)
Stlth    +.........             (no amulet)
Regen    0.2/turn               f - ring of protection from magic
MPRegen  0.1/turn               (no ring)

@: infused, singing, can't hop, slow
A: +LOS, swims, slowness 1, strong legs 1
a: Hop


You were on level 2 of the Dungeon.
You were hungry.

You visited 1 branch of the dungeon, and saw 2 of its levels.

You collected 39 gold pieces.

Inventory:

Hand Weapons
 a - a +0 falchion (weapon)
Armour
 b - a +0 leather armour (worn)
 e - a +0 pair of gloves (worn)
 j - a +0 helmet (worn)
Jewellery
 f - a ring of protection from magic (left hand)
Scrolls
 g - a scroll of immolation {unknown}
 h - a scroll of fog {unknown}
 k - 2 scrolls of remove curse {unknown}
Potions
 l - 2 potions of resistance {unknown}
 m - a potion of heal wounds {unknown}
 n - 4 potions of lignification {unknown}
Books
 c - a book of Battle

   Spells                             Type                      Level
   a - Infusion                       Charms                       1
   b - Shroud of Golubria             Charms/Translocation         2
   c - Song of Slaying                Charms                       2
   d - Spectral Weapon                Hexes/Charms                 3
   e - Regeneration                   Charms/Necromancy            3
Comestibles
 d - a bread ration
 i - a fruit


   Skills:
 + Level 2.7 Fighting
 * Level 3.2 Long Blades
 + Level 2.6 Armour
 + Level 2.9 Dodging
 + Level 2.5 Spellcasting
 + Level 3.4 Charms


You had 3 spell levels left.
You knew the following spells:

 Your Spells              Type           Power        Failure   Level  Hunger
e - Infusion              Chrm           ##..         7%          1    #......
r - Song of Slaying       Chrm           ##......     11%         2    ###....
t - Shroud of Golubria    Chrm/Tloc      #.........   22%         2    ###....


Dungeon Overview and Level Annotations

Branches:
Dungeon (2/15)

Altars:
Trog

Annotations:
D:2 Robin


Innate Abilities, Weirdness & Mutations

Shadows flee at your approach. (+LOS)
You can swim through water.
You cover ground slowly.
You can hop short distances.


Message History

The goblin hits you with a club.
* * * LOW HITPOINT WARNING * * *
Unknown command.
You hit the goblin!
You kill the goblin!
The goblin hits you with a club.
* * * LOW HITPOINT WARNING * * *
You closely miss the goblin.
The goblin is severely wounded.
The hobgoblin no longer looks unusually strong.
The goblin no longer looks unusually strong.
The goblin hits you but does no damage. Robin throws the goblin at you!
* * * LOW HITPOINT WARNING * * *
Hop to where?
Press: ? - help, Dir - move target cursor Boing!
Robin roars a battlecry!
The goblins go into a battle-frenzy!
You barely miss the goblin. The goblin hits you with a club.
You die...

### #.....###._.....#.######
#...........#####.# #
#...............#.# #
###..>.....##.###.#.# #
..###....÷.##.# #.# # #.
#......##.# #.# # ##.# #.
#......##.# #.# #
......#.#######'###.### #.#
# #g....# #@#.....# #.######
###.#.#####g#####.#.#.##....
#.#gg.g.g.#####.#.#.##.###
#.#########.....#.†..#.#
#...........#######..#.#
#######.>...##..[......#
####.###.#.###.### #.#
#.#...#.# #.# #.###.#.#


You could see 2 goblins.

Vanquished Creatures
  A gnoll (D:2)
  2 dart slugs (D:1)
  A leopard gecko (D:1)
  6 giant cockroaches (D:1)
  10 goblins
  3 hobgoblins
  6 kobolds
  A ball python (D:1)
  2 frilled lizards
  11 rats
43 creatures vanquished.

Notes
Turn   | Place    | Note
-------+----------+-------------------------------------------
     0 | D:1      | Danakh the Barachi Skald began the quest for the Orb.
     0 | D:1      | Reached XP level 1. HP: 17/17 MP: 3/3
   154 | D:1      | Reached XP level 2. HP: 16/23 MP: 5/5
   508 | D:1      | Reached XP level 3. HP: 27/28 MP: 6/6
  1246 | D:2      | Found a bloodstained altar of Trog.
  1334 | D:2      | Learned a level 2 spell: Song of Slaying
  1337 | D:2      | Learned a level 2 spell: Shroud of Golubria
  1481 | D:2      | Noticed Robin
  1487 | D:2      | Reached XP level 4. HP: 21/34 MP: 5/7
  1499 | D:2      | Slain by a goblin

Skill      XL: |  1  2  3 |
---------------+----------+-----
Long Blades    | 3 |  3.2
Armour         | 2 |  2.6
Fighting       | |  2.7
Dodging        | |  2.9
Spellcasting   | |  2.5
Charms         | |  3.4

Action                   |  1- 3 |  4- 6 || total
-------------------------+-------+-------++-------
Melee: Falchion          |   107 |     7 ||   114
 Cast: Infusion          |     1 |     1 ||     2
       Shroud of Golubri |     1 |       ||     1
       Song of Slaying   |       |     1 ||     1
 Abil: Hop               |     1 |     1 ||     2
 Stab: Sleeping          |     1 |       ||     1
  Eat: Chunk             |     2 |       ||     2
Armor: Leather armour    |    19 |     1 ||    20
Dodge: Dodged            |    79 |     5 ||    84
       Rpst.: Falchion   |    30 |     1 ||    31
